 Dungeon Crawl Stone Soup version 0.27.0-1-g7a089689b8 (webtiles) character file.

Game seed: 3395450698872377836

78 howech the Twirler (level 4, -3/38 HPs)
             Began as a Minotaur Gladiator on Aug 6, 2021.
             Splashed by a jelly's acid (5 damage)
             ... on level 2 of the Dungeon.
             The game lasted 00:02:44 (1433 turns).

howech the Twirler (Minotaur Gladiator)             Turns: 1433, Time: 00:02:44

Health: -3/38      AC: -4    Str: 17 (18) XL:     4   Next: 15%
Magic:  3/3        EV: 12    Int:  4 (5)  God:
Gold:   99         SH:  0    Dex: 11 (13) Spells: 3/3 levels left

rFire    . . .     SeeInvis .   a - +1 quarterstaff
rCold    . . .     Faith    .   (shield currently unavailable)
rNeg     . . .     Spirit   .   b - +0 leather armour
rPois    .         Reflect  .   c - +0 hat
rElec    .         Harm     .   (no cloak)
rCorr    .         Rampage  .   (no gloves)
Will     +....                  (no boots)
Stlth    +.........             (no amulet)
HPRegen  0.12/turn              j - ring of willpower
MPRegen  0.08/turn              (no ring)

@: corroded
A: horns 2, retaliatory headbutt
a: no special abilities


You were on level 2 of the Dungeon.
You visited 1 branch of the dungeon, and saw 2 of its levels.

You collected 99 gold pieces.

Inventory:

Hand Weapons
 a - a +1 quarterstaff (weapon)
Missiles
 d - 3 throwing nets (quivered)
 k - 17 poisoned darts
Armour
 b - a +0 leather armour (worn)
 c - a +0 hat (worn)
Jewellery
 j - a ring of willpower (left hand)
Scrolls
 e - a scroll of torment {unknown}
 f - a scroll of enchant weapon
Potions
 g - a potion of flight {unknown}


   Skills:
 + Level 3.2 Fighting
 + Level 4.9 Staves
 + Level 2.0 Throwing
 + Level 1.0 Armour
 + Level 3.8 Dodging
 + Level 0.2 Stealth


You had 3 spell levels left.
You didn't know any spells.
Your spell library contained the following spells:

 Spells                   Type           Power      Damage    Failure   Level
 Foxfire                  Conj/Fire      0%         2x1d4     56%         1
 Conjure Flame            Conj/Fire      0%         6-21      90%         3
 Inner Flame              Hex/Fire       0%         N/A       90%         3


Dungeon Overview and Level Annotations

Branches:
Dungeon (2/15)

Altars:


Innate Abilities, Weirdness & Mutations

You have a pair of horns on your head.
You reflexively headbutt those who attack you in melee.


Message History

The adder closely misses you.
There is a large open door here.
You sock the adder! Your headbutt misses the adder.
The adder is severely wounded.
The adder bites you.
You miss the adder. Your headbutt misses the adder.
The adder is severely wounded.
The adder barely misses you. The adder bites you but does no damage.
You hit the adder.
You kill the adder!
Your Armour skill increases to level 1!
The jelly misses you.
You see here an adder corpse.
You hit the jelly. The acid corrodes you!
Your hands burn!
The jelly is lightly wounded.
The jelly hits you. The acid corrodes you!
You are splashed with acid!
You sock the jelly!
Your hands burn!
You headbutt the jelly.
The jelly is severely wounded.
The jelly completely misses you. You furiously retaliate!
You headbutt the jelly, but do no damage.
You hit the jelly but do no damage.
Your hands burn!
You headbutt the jelly, but do no damage.
The jelly is severely wounded.
The jelly barely misses you.
You hit the jelly.
Your hands burn!
The jelly is almost dead.
The jelly completely misses you. The jelly hits you.
You are splashed with acid!
* * * LOW HITPOINT WARNING * * *
You barely miss the jelly.
You headbutt the jelly, but do no damage.
The jelly is almost dead.
The jelly completely misses you.
Your leather armour prevents you from hitting the jelly.
The jelly is almost dead.
The jelly hits you.
* * * LOW HITPOINT WARNING * * *
You are splashed with acid.
You die...

###++## #...§.. #.≈§§§§###
+.§≈§§.'.## #.##
+.≈.≈.§'.J# #...
#.§.≈≈.##@#### ##...
..#......##.#..# .....
..###++###..†..# .....
..... ##.#.## #... #...
#####.#.# #...
#....#.....#.# #...
#....#.#####.#+############
#..<.....# #.#.............
#....#...###.#....########.


You could see a jelly.

Vanquished Creatures
  A gnoll (D:1)
  2 adders (D:2)
  2 dart slugs
  3 orcs (D:2)
  3 bats
  2 endoplasms (D:1)
  3 giant cockroaches
  5 goblins (D:1)
  A hobgoblin (D:2)
  5 jackals
  A quokka (D:1)
  2 ball pythons
  3 frilled lizards
  4 kobolds (D:1)
  3 rats (D:1)
40 creatures vanquished.

Notes
Turn   | Place    | Note
-------+----------+-------------------------------------------
     0 | D:1      | howech the Minotaur Gladiator began the quest for the Orb.
     0 | D:1      | Reached XP level 1. HP: 18/18 MP: 0/0
     4 | D:1      | Found a faded altar of an unknown god.
   142 | D:1      | Reached skill level 4 in Staves
   146 | D:1      | Reached XP level 2. HP: 21/25 MP: 1/1
   606 | D:1      | Reached XP level 3. HP: 30/30 MP: 2/2
  1402 | D:2      | Reached XP level 4. HP: 38/38 MP: 3/3
  1427 | D:2      | Reached skill level 1 in Armour
  1433 | D:2      | Splashed by a jelly's acid

Illustrated notes

Levels and vault maps discovered:
D:1:      lightli_arrival_boilingwater, layout_basic,
          hellmonk_ecumenical_altar_pennies_from_heaven, grunt_decor_junction,
          st_stairs_9
D:2:      layout_basic, basic_altar, serial_park_tiny_1,
          chequers_serial_rivers_room_a, kennysheep_generic_room_12,
          uniq_natasha

Skill      XL: |  1  2  3  4 |
---------------+-------------+-----
Staves         | 4 |  4.9
Fighting       | 3 |  3.2
Armour         | 1 |  1.0
Throwing       | |  2.0
Dodging        | |  3.8
Stealth        | |  0.2

Action                   |  1- 3 |  4- 6 || total
-------------------------+-------+-------++-------
Melee: Quarterstaff      |    66 |    10 ||    76
       Headbutt          |     8 |     3 ||    11
  Use: Scroll            |     3 |       ||     3
       Potion            |     2 |       ||     2
Armor: Leather armour    |    21 |     1 ||    22
Dodge: Dodged            |    48 |     7 ||    55
